 Dungeon Crawl Stone Soup version 0.30-a0-870-gc5d4c5acee (webtiles) character file.

Game seed: 10631662288532459359

616 lunkers the Spear-Bearer (level 8, -1/63 HPs)
             Began as a Meteoran Fighter on Mar 11, 2023.
             Was an Initiate of the Shining One.
             Slain by a scorpion (2 damage)
             ... on level 5 of the Dungeon.
             The game lasted 00:05:04 (1337 turns).

lunkers the Spear-Bearer (Meteoran Fighter)         Turns: 1337, Time: 00:05:05

Health: -1/63      AC: 10    Str: 18    XL:     8   Next: 3%
Magic:  9/9        EV:  9    Int:  9    God:    the Shining One [......]
Gold:   97         SH:  6    Dex: 16    Spells: 7/7 levels left

rFire   . . .      SeeInvis +    a - +1 trident
rCold   . . .      Faith    .    c - +1 buckler
rNeg    . . .      Spirit   .    b - +0 scale mail
rPois   .          Reflect  .    (no helmet)
rElec   .          Rampage  .    (no cloak)
rCorr   .                        (no gloves)
Will    +....                    (no boots) Stlth
                                 (no amulet)
HPRegen 0.30/turn                n - ring of see invisible
MPRegen 0.11/turn                j - +4 ring of protection

@: brilliant, lethally poisoned (-1 -> -2), glowing
A: sense surroundings 1, otherworldly, glowing, explore regen
a: Renounce Religion


You were on level 5 of the Dungeon.
You worshipped the Shining One.
The Shining One was noncommittal.
You visited 1 branch of the dungeon, and saw 5 of its levels.

You collected 97 gold pieces.

Inventory:

Hand Weapons
 a - a +1 trident (weapon)
Armour
 b - a +0 scale mail (worn)
 c - a +1 buckler (worn)
Jewellery
 g - an amulet of guardian spirit
 j - a +4 ring of protection (right hand)
 n - a ring of see invisible (left hand)
Wands
 m - a wand of mindburst (12)
Scrolls
 e - a scroll of vulnerability
 f - a scroll of identify {unknown}
 h - a scroll of blinking
 l - a scroll of teleportation {unknown}
 o - 2 scrolls of magic mapping
 q - a scroll of noise {unknown}
Potions
 d - 3 potions of might
 p - a potion of mutation {unknown}


   Skills:
 - Level 3.2 Fighting
 + Level 9.7 Polearms
 - Level 3.6 Armour
 - Level 3.6 Shields


You had 7 spell levels left.
You didn't know any spells.
Your spell library contained the following spells:

 Spells                   Type           Power      Damage    Failure   Level
 Sandblast                Erth           0%         2d4       86%         1
 Passwall                 Tmut/Erth      0%         N/A       94%         2
 Hailstorm                Conj/Ice       0%         3d3       99%         3
 Stone Arrow              Conj/Erth      0%         3d7       99%         3
 Ice Form                 Ice/Tmut       0%         N/A       100%        4
 Simulacrum               Ice/Necr       0%         N/A       100%        6


Dungeon Overview and Level Annotations

Branches:
Dungeon (5/15) Zot: 1650   Temple (0/1) D:4

Altars:
Ashenzari
Cheibriados
Fedhas
The Shining One


Innate Abilities, Weirdness & Mutations

You passively map a small area around you.
You are easily found by Zot.
You glow in the dark.
You regain HP and MP as you explore.


Message History

Aim: an ogre, wielding a +0 giant club (severely wounded, haloed, about 6% to evade your +1 trident)
You hit the ogre but do no damage.
The ogre is severely wounded.
You feel sick. The scorpion closely misses you. You block the ogre's attack.
Unknown command.
Reach: a) +1 trident
Press: ? - help, Dir - move target, f/p - ogre
Aim: an ogre, wielding a +0 giant club (severely wounded, haloed, about 6% to evade your +1 trident)
You hit the ogre.
The ogre is almost dead.
You feel sick.
The scorpion stings you but does no damage.
Unknown command.
Reach: a) +1 trident
Press: ? - help, Dir - move target, f/p - ogre
Aim: an ogre, wielding a +0 giant club (almost dead, haloed, about 6% to evade your +1 trident)
You hit the ogre.
The ogre is almost dead.
You feel sick. The scorpion completely misses you.
The ogre hits you with a +0 giant club!!
* * * LOW HITPOINT WARNING * * *
Unknown command.
Reach: a) +1 trident
Press: ? - help, Dir - move target, f/p - ogre
Aim: an ogre, wielding a +0 giant club (almost dead, haloed, about 6% to evade your +1 trident)
You hit the ogre.
You kill the ogre!
* * * LOW HITPOINT WARNING * * *
You feel sick. You block the scorpion's attack.
The scorpion stings you but does no damage.
You have reached level 8!
It was a potion of brilliance.
You feel clever all of a sudden.
* * * LOW HITPOINT WARNING * * *
You feel sick.
The scorpion stings you but does no damage.
It was a potion of magic.
Magic courses through your body.
* * * LOW HITPOINT WARNING * * *
You feel sick. The scorpion stings you.
You die...

##.#.###.............
##...###............##.
*
#......................#
#.....>.................
##......#..<............
,
#####.###........#.....
### ##......##.....
##......#......
#......@s......
##.....)###.... #..##?..
* ,.. #..##...#. , #..
?..##.. , , ##...### ..
* , ### <## , ,, #


You could see a scorpion.

Vanquished Creatures
  3 ogres (D:5)
  2 scorpions
  A jelly (D:5)
  Jessica (D:3)
  2 iguanas (D:5)
  7 adders
  3 gnolls (D:3)
  A worm (D:3)
  6 orcs
  7 ball pythons
  A bat (D:2)
  3 endoplasms
  2 giant cockroaches
  A goblin (D:2)
  4 hobgoblins
  3 kobolds
  2 rats
49 creatures vanquished.

Vanquished Creatures (others)
  6 plants (D:2)
6 creatures vanquished.

Grand Total: 55 creatures vanquished

Notes
Turn   | Place    | Note
-------+----------+-------------------------------------------
     0 | D:1      | lunkers the Meteoran Fighter began the quest for the Orb.
     0 | D:1      | Reached XP level 1. HP: 19/19 MP: 2/2
   176 | D:1      | Reached skill level 3 in Polearms
   176 | D:1      | Reached XP level 2. HP: 26/26 MP: 3/3
   349 | D:2      | Reached skill level 4 in Polearms
   349 | D:2      | Reached XP level 3. HP: 8/31 MP: 4/4
   489 | D:2      | Reached XP level 4. HP: 34/38 MP: 5/5
   496 | D:3      | Noticed Jessica
   505 | D:3      | Killed Jessica
   506 | D:3      | Reached skill level 5 in Polearms
   523 | D:3      | Found a glowing golden altar of the Shining One.
   526 | D:3      | Became a worshipper of the Shining One
   553 | D:3      | Found a blossoming altar of Fedhas.
   565 | D:3      | Reached XP level 5. HP: 45/45 MP: 6/6
   645 | D:3      | Reached skill level 6 in Polearms
   672 | D:3      | Found a snail-covered altar of Cheibriados.
   674 | D:3      | Found a broken altar of Ashenzari.
   867 | D:4      | Found a staircase to the Ecumenical Temple.
   947 | D:4      | Reached skill level 7 in Polearms
   947 | D:4      | Reached XP level 6. HP: 34/51 MP: 7/7
  1068 | D:5      | Entered Level 5 of the Dungeon
  1102 | D:5      | Noticed an ogre
  1110 | D:5      | Killed an ogre
  1111 | D:5      | Reached skill level 8 in Polearms
  1111 | D:5      | Reached XP level 7. HP: 46/57 MP: 8/8
  1298 | D:5      | Reached skill level 9 in Polearms
  1335 | D:5      | HP: 2/57 [poisoned by a scorpion]
  1336 | D:5      | Reached XP level 8. HP: 2/63 MP: 9/9
  1337 | D:5      | Slain by a scorpion

Illustrated notes

Levels and vault maps discovered:
D:1:      amcnicky_arrival_wind_blow, layout_basic, minmay_pentomino_s2
D:2:      layout_rooms, serial_forest, infiniplex_forest_lined_room_,
          infiniplex_forest_side_room, infiniplex_forest_clump_cross,
          infiniplex_forest_clump_medium, infiniplex_forest_lined_corner,
          infiniplex_forest_clump_double, infiniplex_forest_end_2,
          infiniplex_forest_clump_small, infiniplex_forest_lined_ring
D:3:      layout_basic, tso_oasis_becter, nicolae_gozag_seed_capital,
          fedhas_ov_isle_minmay, nicolae_overflow_hidden_temple,
          kennysheep_path_1, minmay_surrounded, uniq_jessica
D:4:      layout_basic, temple_pool_b, hangedman_abyss_or_decor_passed
D:5:      layout_cave_pools

Skill      XL: |  1  2  3  4  5  6  7 |
---------------+----------------------+-----
Polearms       | 3 4 5 7 8 9 |  9.7
Fighting       | |  3.2
Armour         | |  3.6
Shields        | |  3.6

Action                     |  1- 3 |  4- 6 |  7- 9 || total
---------------------------+-------+-------+-------++-------
  Melee: Trident           |    63 |   120 |    44 ||   227
    Use: Scroll            |       |     7 |       ||     7
         Potion            |       |       |     2 ||     2
 Armour: Scale mail        |    33 |    35 |    15 ||    83
  Dodge: Dodged            |    26 |    26 |    12 ||    64
  Block: Buckler           |    17 |    17 |     7 ||    41

Table legend: (Time is in decaauts)
 A = Elapsed time spent in this place.
 B = Non-inter-level travel time spent in this place.
 C = Inter-level travel time spent in this place.
 D = Time resting spent in this place.
 E = Time spent auto-exploring this place.
 F = Levels seen in this place.
 G = Mean time per level.
                   A        B        C        D        E       F      G
               +--------+--------+--------+--------+--------+-----+--------+
         Total |   1349 |   1298 |     51 |      0 |    873 |   5 |  269.8 |
       Dungeon |   1349 |   1298 |     51 |      0 |    873 |   5 |  269.8 |
               +--------+--------+--------+--------+--------+-----+--------+

Top non-repeatable levels by time:
     D:3: 351 daAuts
     D:1: 275 daAuts
     D:5: 263 daAuts
     D:4: 230 daAuts
     D:2: 228 daAuts
